 Dungeon Crawl Stone Soup version 0.27-a0-661-gca034ae587 (webtiles) character file.

Game seed: 8509129741423097955

1091 Allula97 the Covered (level 8, -2/58 HPs)
             Began as a Demonspawn Gladiator on Mar 17, 2021.
             Slain by an orc warrior
             ... wielding a +0 glaive
              (20 damage)
             ... on level 6 of the Dungeon.
             The game lasted 00:17:18 (5676 turns).

Allula97 the Covered (Demonspawn Gladiator)         Turns: 5676, Time: 00:17:19

Health: -2/58      AC:  9    Str: 15    XL:     8   Next: 9%
Magic:  12/12      EV: 17    Int: 10    God:
Gold:   293        SH:  0    Dex: 16    Spells: 12/12 levels left

rFire    . . .     SeeInvis .   j - +4 dagger (pain)
rCold    . . .     Faith    .   (no shield)
rNeg     . . .     Spirit   .   u - +0 ring mail
rPois    .         Reflect  .   c - +0 helmet
rElec    .         Harm     .   (no cloak)
rCorr    .         Rampage  .   (no gloves)
Will     .....                  (no boots)
Stlth    +.........             (no amulet)
HPRegen  0.19/turn              (no ring)
MPRegen  0.13/turn              (no ring)

@: agile
A: hooves 2, icy blue scales 1, ignite blood 2, powered by pain 2
a: no special abilities


You were on level 6 of the Dungeon.
You visited 1 branch of the dungeon, and saw 6 of its levels.
You also visited: Sewer.

You collected 293 gold pieces.

Inventory:

Hand Weapons
 j - a +4 dagger of pain (weapon)
 p - a +1 dagger of chaos
Missiles
 d - a throwing net
 n - 6 curare-tipped darts (quivered)
Armour
 b - a +0 leather armour
 c - a +0 helmet (worn)
 u - a +0 ring mail (worn)
Jewellery
 a - a ring of ice
 s - an amulet of magic regeneration
Wands
 q - a wand of random effects (22)
 t - a wand of acid (5)
Scrolls
 e - a scroll of fear
 f - a scroll of blinking
 i - 7 scrolls of teleportation
 w - a scroll of amnesia
Potions
 g - 7 potions of curing
 h - a potion of lignification
 k - a potion of degeneration {unknown}
 l - a potion of magic
 m - 3 potions of invisibility
 o - a potion of might
 r - 2 potions of flight {unknown}
 v - 2 potions of brilliance


   Skills:
 * Level 3.5 Fighting
 * Level 3.0 Short Blades
 - Level 3.7 Axes
 - Level 1.7 Throwing
 * Level 4.1 Armour
 * Level 4.0 Dodging
 * Level 2.5 Stealth
 * Level 2.7 Spellcasting
 * Level 2.5 Necromancy
 + Level 0.1 Evocations


You had 12 spell levels left.
You didn't know any spells.
Your spell library was empty.

Dungeon Overview and Level Annotations

Branches:
Dungeon (6/15)              Sewer (visited)
 Temple: D:4-7

Altars:
Elyvilon
Nemelex Xobeh
Xom


Innate Abilities, Weirdness & Mutations

You have hoof-like feet.
You are partially covered in icy blue scales. (AC +2)
Your demonic aura often causes spilled blood to erupt in flames You sometimes gain power by taking damage.


Message History

Found a plate armour. 2 orcs come into view.
The orc shouts!
You hear a shout!
An orc wizard comes into view. It is wielding a +0 dagger.
The orc moves out of view. x2
The orc wizard shouts!
You hear a shout!
An orc warrior comes into view. It is wielding a +0 glaive.
The orc warrior shouts!
An orc wizard comes into view. It is wielding a +0 dagger.
You hit the orc. You kick the orc.
You kill the orc!
The orc wizard gestures at you while chanting.
The magic dart hits you.
A jackal skeleton comes into view.
Your Short Blades skill increases to level 3!
The orc wizard hits you but does no damage.
Things that are here:
a +0 chain mail; an orc corpse Unknown command.
The orc wizard gestures at itself while chanting.
The orc wizard flickers and vanishes!
Deactivating autopickup; reactivate with Ctrl-A.
The orc wizard casts a spell at you. The magic dart hits you!
The orc wizard barely misses you. The orc warrior closely misses you.
The orc warrior hits you from afar with a +0 glaive!
You focus on the pain.
You feel agile all of a sudden.
The orc wizard points at you and mumbles some strange words.
The puff of flame hits you! The orc wizard casts a spell at you.
The puff of flame hits you.
A puff of flame appears from out of thin air!
The puff of flame hits you.
* * * LOW HITPOINT WARNING * * *
The orc wizard casts a spell at itself.
The orc wizard flickers and vanishes!
There is a stone staircase leading up here.
The orc warrior hits you from afar with a +0 glaive!!
You die...

####.#.##
#.#.# #.{.#
###.# #.#
#.# #.#
#o######
#..@...#
#.........#
######.##.#
#


You could see an orc warrior.

Vanquished Creatures
  Grinder (D:5)
  A snapping turtle (shapeshifter) (D:3)
  Purgy (Sewer)
  An ogre (D:5)
  A bullfrog (D:3)
  2 hounds (D:4)
  An orc priest (D:4)
  An orc wizard (D:3)
  3 worker ants (D:5)
  A hound skeleton (D:4)
  A worker ant zombie (D:5)
  7 adders
  8 gnolls
  A river rat (D:4)
  An ufetubus (D:5)
  An ooze (D:4)
  3 worms
  2 dart slugs
  4 leopard geckos
  15 orcs
  4 bats
  6 giant cockroaches
  10 goblins
  6 hobgoblins
  14 jackals
  11 kobolds
  2 quokkas (D:5)
  6 frilled lizards
  A giant cockroach zombie (D:2)
  A leopard gecko skeleton (D:5)
  8 rats
125 creatures vanquished.

Notes
Turn   | Place    | Note
-------+----------+-------------------------------------------
     0 | D:1      | Allula97 the Demonspawn Gladiator began the quest for the
                  | Orb.
     0 | D:1      | Reached XP level 1. HP: 16/16 MP: 1/1
    99 | D:1      | Gained mutation: You sometimes gain a little power by
                  | taking damage. [demonic ancestry]
    99 | D:1      | Reached XP level 2. HP: 16/22 MP: 2/2
   319 | D:1      | HP: 1/22 [goblin/+1 dagger of pain (5)]
  1166 | D:2      | Found a sparkling altar of Nemelex Xobeh.
  1206 | D:2      | Gained mutation: You are partially covered in icy blue
                  | scales. (AC +2) [demonic ancestry]
  1206 | D:2      | Reached XP level 3. HP: 22/27 MP: 3/3
  1731 | D:2      | Reached skill level 1 in Armour
  1731 | D:2      | Reached skill level 1 in Stealth
  1731 | D:2      | Gained mutation: You sometimes gain power by taking damage.
                  | [demonic ancestry]
  1731 | D:2      | Reached XP level 4. HP: 27/33 MP: 4/4
  1748 | D:2      | Found a shimmering altar of Xom.
  2285 | D:3      | Noticed a bullfrog
  2299 | D:3      | Killed a bullfrog
  2300 | D:3      | Reached skill level 1 in Necromancy
  2300 | D:3      | Gained mutation: Your demonic aura sometimes causes spilled
                  | blood to erupt in flames [demonic ancestry]
  2300 | D:3      | Reached XP level 5. HP: 24/39 MP: 5/5
  2599 | D:3      | Noticed a glowing shapeshifter
  2599 | D:3      | a jackal changed into a glowing shapeshifter
  2599 | D:3      | Noticed a mana viper
  2599 | D:3      | a glowing shapeshifter changed into a mana viper
  2601 | D:3      | Noticed an elephant
  2601 | D:3      | a mana viper changed into an elephant
  2605 | D:3      | Noticed a two-headed ogre
  2605 | D:3      | an elephant changed into a two-headed ogre
  2608 | D:3      | Noticed a torpor snail
  2608 | D:3      | a two-headed ogre changed into a torpor snail
  2609 | D:3      | Noticed a snapping turtle
  2609 | D:3      | a torpor snail changed into a snapping turtle
  2617 | D:3      | Killed a snapping turtle
  2618 | D:3      | Reached skill level 1 in Short Blades
  2618 | D:3      | Reached skill level 1 in Spellcasting
  2618 | D:3      | Gained mutation: You have large cloven feet. [demonic
                  | ancestry]
  2618 | D:3      | Reached XP level 6. HP: 18/46 MP: 4/8
  3815 | D:4      | Gained mutation: You have hoof-like feet. [demonic
                  | ancestry]
  3815 | D:4      | Reached XP level 7. HP: 11/52 MP: 10/10
  3940 | D:4      | Found a glowing drain.
  3959 | Sewer    | Entered a sewer
  4180 | Sewer    | Noticed Purgy
  4204 | Sewer    | Killed Purgy
  4770 | D:5      | Entered Level 5 of the Dungeon
  5007 | D:5      | Noticed Grinder
  5014 | D:5      | Paralysed by Grinder for 3 turns
  5041 | D:5      | Paralysed by Grinder for 2 turns
  5044 | D:5      | Killed Grinder
  5045 | D:5      | Gained mutation: Your demonic aura often causes spilled
                  | blood to erupt in flames [demonic ancestry]
  5045 | D:5      | Reached XP level 8. HP: 22/58 MP: 10/12
  5676 | D:6      | Slain by an orc warrior

Illustrated notes

Levels and vault maps discovered:
D:1:      minmay_arrival_shattered_statue, layout_loops_cross, minmay_distorted
D:2:      layout_rooms, tgw_xom, nemelex_lonely_heart_becter
D:3:      layout_loops_cross, elyvilon_altar_1
D:4:      layout_cave_pools, portal_sewer_entry_b
D:5:      layout_basic, nrook_campfire, grunt_ministairs_7, uniq_grinder
D:6:      layout_loops_ring, okawaru_metal_pillars_1_2

Skill      XL: |  1  2  3  4  5  6  7  8 |
---------------+-------------------------+-----
Axes           | 3 |  3.7
Dodging        | 3 4 |  4.0
Armour         | 1 2 4 |  4.1
Stealth        | 1 2 |  2.5
Necromancy     | 1 2 |  2.5
Short Blades   | 1 2 3 |  3.0
Spellcasting   | 1 2 |  2.7
Fighting       | 3 |  3.5
Throwing       | |  1.7
Evocations     | |  0.1

Action                   |  1- 3 |  4- 6 |  7- 9 || total
-------------------------+-------+-------+-------++-------
Melee: War axe           |   110 |     4 |       ||   114
       Dagger            |       |   149 |   155 ||   304
       Kick              |       |     6 |    45 ||    51
Throw: Throwing net      |     2 |     1 |       ||     3
       Dart              |       |     9 |     2 ||    11
Evoke: Wand              |       |     3 |       ||     3
  Use: Potion            |     1 |     5 |     2 ||     8
       Scroll            |       |     7 |     6 ||    13
 Stab: Sleeping          |     1 |     4 |       ||     5
       Confused          |       |     1 |       ||     1
Armor: Leather armour    |    47 |    17 |       ||    64
       Ring mail         |       |    41 |    80 ||   121
       Skin              |       |    11 |       ||    11
Dodge: Dodged            |    79 |   108 |   126 ||   313

Table legend: (Time is in decaauts)
 A = Elapsed time spent in this place.
 B = Non-inter-level travel time spent in this place.
 C = Inter-level travel time spent in this place.
 D = Time resting spent in this place.
 E = Time spent auto-exploring this place.
 F = Levels seen in this place.
 G = Mean time per level.
                   A        B        C        D        E       F      G
               +--------+--------+--------+--------+--------+-----+--------+
         Total |   5712 |   5618 |     94 |    336 |   3694 |   7 |  816.0 |
       Dungeon |   5277 |   5183 |     94 |    214 |   3490 |   6 |  879.5 |
         Sewer |    435 |    435 |      0 |    122 |    204 |   1 |  435.0 |
               +--------+--------+--------+--------+--------+-----+--------+

Top non-repeatable levels by time:
     D:3: 1421 daAuts
     D:2: 1165 daAuts
     D:1: 1146 daAuts
     D:5: 818 daAuts
     D:4: 647 daAuts
   Sewer: 435 daAuts
     D:6: 78 daAuts
